[Event "Early-Titled-Tuesday-Blitz-May-14-2024"]
[Site "Chess.com"]
[Date "2024.05.14"]
[Round "2"]
[White "sergoy"]
[Black "MalyDominator"]
[Result "1-0"]
[WhiteElo "3017"]
[BlackElo "2656"]
[TimeControl "180+1"]
[EndTime "8:16:18 PDT"]
[Termination "sergoy won by resignation"]

1. d4 d5 2. c4 e6 3. Nf3 Nf6 4. Nc3 c5 5. cxd5 Nxd5 6. e4 Nxc3 7. bxc3 cxd4 8. cxd4 Bb4+ 9. Bd2 Bxd2+ 10. Qxd2 O-O 11. Bc4 Nd7 12. O-O b6 13. Rac1 Bb7 14. d5 Nc5 15.
Rfe1 Rc8 16. Rcd1 Re8 17. Qd4 exd5 18. exd5 Qd6 19. Ne5 Re7 20. Re3 Rce8 21. Rde1 h6 22. h4 a6 23. a4 Nxa4 24. Nxf7 Kxf7 25. Re6 Qc5 26. Rxe7+ Rxe7 27. d6+ 1-0

[Event "Early-Titled-Tuesday-Blitz-May-14-2024"]
[Site "Chess.com"]
[Date "2024.05.14"]
[Round "2"]
[White "Thjop"]
[Black "BilodeauA"]
[Result "0-1"]
[WhiteElo "2606"]
[BlackElo "2895"]
[TimeControl "180+1"]
[EndTime "8:16:18 PDT"]
[Termination "BilodeauA won by checkmate"]

1. e4 c5 2. Nf3 Nc6 3. g3 c4 4. Bxc4 e6 5. Bf1 g5 6. Bg2 g4 7. Ng1 h5 8. h4 gxh3 9. Rxh3 Nf6 10. Nc3 d5 11. d3 d4 12. Nce2 e5 13. Rh1 Bg4 14.
f3 Be6 15. f4 Bg4 16. Nf3 Bd6 17. a3 Qb6 18. f5 O-O-O 19. b3 Kb8 20. Bd2 Rc8 21.
Qb1 Ne7 22. b4 Qc6 23. Ra2 Nxf5 24. Ng5 Ne3 25. Bxe3 dxe3 26. Nxf7 Rhf8 27. Nxd6 Qxd6 28. Qc1 Bxe2 29. Kxe2 Ng4 30. Bf3 Rxf3 31. Kxf3 Rf8+ 32. Kg2 Rf2+ 33. Kg1 e2 34. Rxh5 Rf1+ 35. Qxf1 Qd4+ 36.
Kg2 exf1=Q+ 37. Kxf1 Qf2# 0-1

[Event "Early-Titled-Tuesday-Blitz-May-14-2024"]
[Site "Chess.com"]
[Date "2024.05.14"]
[Round "2"]
[White "JiiHart"]
[Black "NiranjanNavalgund"]
[Result "1-0"]
[WhiteElo "2207"]
[BlackElo "2472"]
[TimeControl "180+1"]
[EndTime "8:16:18 PDT"]
[Termination "JiiHart won by resignation"]

1. e4 c6 2. d4 d5 3. Nc3 b5 4. a3 a6 5. Nf3 Bg4 6. Be2 e6 7. Be3 Nf6 8. h3 Bh5 9. e5 Nfd7 10. b4 a5 11. Rb1 axb4 12. axb4 Na6 13. Na2 Nb6 14. c3 Nc4 15. O-O Be7 16. Nc1 f6 17. exf6 Bxf6 18. Nd3 O-O 19. Nfe5 Bxe2 20. Qxe2 Nb8 21.
Ra1 Rxa1 22. Rxa1 Bxe5 23. Nxe5 Qb6 24. f4 Na6 25. Nd7 Qb7 26. Nxf8 Kxf8 27. Bf2 Nc7 28. Qa2 Qc8 29. Qa7 h6 30. Qc5+ Kf7 31. Qxc6 Qb8 32. Re1 Nb2 33. Qd7+ Kf8 34. f5 Nd3 35. fxe6 Kg8 36.
e7 Nxe1 37. Qd8+ 1-0

[Event "Early-Titled-Tuesday-Blitz-May-14-2024"]
[Site "Chess.com"]
[Date "2024.05.14"]
[Round "2"]
[White "js20000"]
[Black "InitiatingASC"]
[Result "1-0"]
[WhiteElo "2745"]
[BlackElo "2430"]
[TimeControl "180+1"]
[EndTime "8:16:19 PDT"]
[Termination "js20000 won by resignation"]

1. b3 Nf6 2. Bb2 Nc6 3. Nf3 d6 4. d4 Bg4 5. d5 Bxf3 6. exf3 Nb8 7. g4 c6 8. c4 e5 9. dxe6 fxe6 10. f4 Qa5+ 11. Bc3 Qb6 12. Bg2 Na6 13. g5 Nd7 14.
Qh5+ Kd8 15. Nd2 Nac5 16. O-O Kc7 17. Bd4 Qa5 18. Qe2 Re8 19. a3 e5 20. b4 Qa4 21.
bxc5 dxc5 22. Bxe5+ Nxe5 23. fxe5 Be7 24. f4 Rd8 25. Nf3 Rhf8 26. Qe4 1-0

[Event "Early-Titled-Tuesday-Blitz-May-14-2024"]
[Site "Chess.com"]
[Date "2024.05.14"]
[Round "2"]
[White "NMChessToImpress"]
[Black "jlf287"]
[Result "1-0"]
[WhiteElo "2264"]
[BlackElo "2497"]
[TimeControl "180+1"]
[EndTime "8:16:19 PDT"]
[Termination "NMChessToImpress won by resignation"]

1. e4 e5 2. Nf3 Nc6 3. Bb5 a6 4. Ba4 d6 5. c3 f5 6. exf5 Bxf5 7. O-O Bd3 8. Re1 Be7 9. Bc2 Bxc2 10. Qxc2 Nf6 11. d4 e4 12. Ng5 d5 13. f3 exf3 14.
Ne6 Qd6 15. Bf4 Qd7 16. Nxc7+ Kf7 17. Nxa8 Rxa8 18. Nd2 fxg2 19. Nf3 Ne4 20. Qxg2 Kg8 21. Ne5 Nxe5 22. Bxe5 Bg5 23. Rxe4 dxe4 24. Qxg5 Rf8 25.
Rf1 Rxf1+ 26. Kxf1 Qh3+ 27. Kg1 Qd7 28. Qxg7+ Qxg7+ 29. Bxg7 Kxg7 30. Kf2 Kg6 31. Ke3 Kf5 32. c4 a5 33. c5 a4 34. b4 axb3 35. axb3 h5 36. b4 h4 37. h3 1-0

[Event "Early-Titled-Tuesday-Blitz-May-14-2024"]
[Site "Chess.com"]
[Date "2024.05.14"]
[Round "2"]
[White "Grischuk"]
[Black "Yan_Dyomin2010"]
[Result "1-0"]
[WhiteElo "3100"]
[BlackElo "2671"]
[TimeControl "180+1"]
[EndTime "8:16:26 PDT"]
[Termination "Grischuk won by resignation"]

1. d4 Nf6 2. c4 g6 3. g3 Bg7 4.
Bg2 O-O 5. Nc3 d6 6. Nf3 Nc6 7. Bf4 Nxd4 8. Qxd4 e5 9. Nxe5 dxe5 10. Qxd8 Rxd8 11.
Bxe5 c6 12. O-O Be6 13. b3 Rd2 14. Rfd1 Rad8 15. Rxd2 Rxd2 16. Rd1 Rxd1+ 17. Nxd1 Nd7 18. Bxg7 Kxg7 19. f4 f5 20. Kf2 Kf6 21. Nc3 a5 22.
Ke3 Ke7 23. Kd4 c5+ 24. Kd3 b6 25. Bd5 Nf6 26. Bxe6 Kxe6 27. Na4 Nd7 28. e4 fxe4+ 29. Kxe4 Kd6 30. g4 Kc6 31. Nc3 Nf6+ 32. Kf3 h6 33. h4 h5 34. g5 Ne8 35. f5 gxf5 36.
Kf4 Ng7 37. Ke5 Kd7 38. Nd5 1-0

[Event "Early-Titled-Tuesday-Blitz-May-14-2024"]
[Site "Chess.com"]
[Date "2024.05.14"]
[Round "2"]
[White "vovachesss"]
[Black "manitodeplomo"]
[Result "1-0"]
[WhiteElo "2846"]
[BlackElo "2580"]
[TimeControl "180+1"]
[EndTime "8:16:29 PDT"]
[Termination "vovachesss won by checkmate"]

1. e4 Nc6 2. Nf3 d5 3. exd5 Qxd5 4. Nc3 Qa5 5. d4 Nf6 6. Bb5 Bd7 7. d5 Nb4 8. Bxd7+ Nxd7 9. O-O Nf6 10. Qe2 Nbxd5 11. Nxd5 Qxd5 12. Rd1 Qe4 13. Qb5+ Qc6 14. Qb3 e6 15. Ne5 Qb6 16. Qg3 Be7 17. Qxg7 Rf8 18. Bg5 Ne4 19. Bxe7 Nxf2 20. Qxf8# 1-0

[Event "Early-Titled-Tuesday-Blitz-May-14-2024"]
[Site "Chess.com"]
[Date "2024.05.14"]
[Round "2"]
[White "grozdanovic_a"]
[Black "malakismayil"]
[Result "1-0"]
[WhiteElo "2333"]
[BlackElo "2528"]
[TimeControl "180+1"]
[EndTime "8:16:30 PDT"]
[Termination "grozdanovic_a won by resignation"]

1. d4 d5 2. Nf3 Nf6 3. g3 e6 4. Bg2 Be7 5. O-O O-O 6. c4 dxc4 7.
Qc2 c5 8. Rd1 Qb6 9. Na3 cxd4 10. Nxc4 Qa6 11. Nxd4 Nbd7 12. b3 Nb6 13. Nxb6 Qxb6 14.
Bb2 Bd7 15. Rac1 Rac8 16. Qb1 Bc5 17. e3 Rfd8 18. Nf3 h6 19. Ne5 Be8 20. Nc4 Qa6 21.
Bxf6 gxf6 22. Qb2 b5 23. Rxd8 Rxd8 24. Qxf6 Rc8 25. Qxh6 bxc4 26. Be4 f5 27. Bxf5 Rc7 28. Bxe6+ Bf7 29. Bxf7+ Rxf7 30. Qxa6 1-0

[Event "Early-Titled-Tuesday-Blitz-May-14-2024"]
[Site "Chess.com"]
[Date "2024.05.14"]
[Round "2"]
[White "TigranMukhutdinov"]
[Black "Fjal"]
[Result "1-0"]
[WhiteElo "2713"]
[BlackElo "2334"]
[TimeControl "180+1"]
[EndTime "8:16:31 PDT"]
[Termination "TigranMukhutdinov won by resignation"]

1. e4 d6 2. d4 g6 3. Nc3 Bg7 4. f4 Nd7 5. Nf3 a6 6. Bd3 b5 7. e5 Bb7 8. Qe2 Nh6 9. O-O O-O 10.
Be4 Bxe4 11. Nxe4 c5 12. e6 Nf6 13. Neg5 cxd4 14. exf7+ Nxf7 15. Ne6 Qb6 16. Nxf8 Rxf8 17. Kh1 Nd5 18. Qe4 Nb4 19. Bd2 Nc6 20. Rae1 Qc5 21. a3 e5 22. fxe5 dxe5 23. Ng5 Nd6 24. Rxf8+ Bxf8 25. Qd3 Qd5 26. Ne4 Nc4 27. Nf6+ 1-0

[Event "Early-Titled-Tuesday-Blitz-May-14-2024"]
[Site "Chess.com"]
[Date "2024.05.14"]
[Round "2"]
[White "kuchma777"]
[Black "teresin05"]
[Result "1-0"]
[WhiteElo "2512"]
[BlackElo "2247"]
[TimeControl "180+1"]
[EndTime "8:16:33 PDT"]
[Termination "kuchma777 won by resignation"]

1. e4 c5 2. Nf3 Nc6 3. Bb5 e6 4. Bxc6 bxc6 5. a4 Be7 6. O-O Nf6 7. Re1 O-O 8. d3 d6 9. b3 e5 10. Bb2 Bg4 11. h3 Bh5 12. Nbd2 Nd7 13. Nf1 f5 14.
Ng3 Bxf3 15. Qxf3 f4 16. Ne2 Nf6 17. Bc3 Qe8 18. g4 fxg3 19. Qxg3 Nh5 20. Qg4 Rf6 21.
Ng3 Nf4 22. Bd2 Rg6 23. Qf3 Nxh3+ 24. Kf1 Qf8 25. Nf5 Ng5 26. Bxg5 Bxg5 27. Ke2 Bf4 28. Rg1 Qf6 29. Rxg6 Qxg6 30. Ne7+ 1-0

[Event "Early-Titled-Tuesday-Blitz-May-14-2024"]
[Site "Chess.com"]
[Date "2024.05.14"]
[Round "2"]
[White "jefferyx"]
[Black "Orest_Vovk"]
[Result "1-0"]
[WhiteElo "3093"]
[BlackElo "2668"]
[TimeControl "180+1"]
[EndTime "8:16:34 PDT"]
[Termination "jefferyx won by resignation"]

1. b4 Nf6 2. Bb2 Rg8 3. e3 g5 4. Bxf6 exf6 5. a3 a5 6. b5 d5 7.
d4 Bd6 8. c4 dxc4 9. Bxc4 Qe7 10.
Ne2 Be6 11. Qc2 f5 12. Bd3 Qf6 13. Nd2 Nd7 14. e4 fxe4 15. Nxe4 Qe7 16. O-O h5 17. Rfe1 O-O-O 18. N2c3 f5 19. Nxd6+ Qxd6 20. d5 Bxd5 21. Bxf5 Qc5 22. Nxd5 Qxd5 23. Rac1 Qd6 24. Re6 Qc5 25. Qxc5 Nxc5 26. Rxc5 Rd1+ 27. Re1+ 1-0

[Event "Early-Titled-Tuesday-Blitz-May-14-2024"]
[Site "Chess.com"]
[Date "2024.05.14"]
[Round "2"]
[White "lucasmito"]
[Black "HanSchut"]
[Result "1-0"]
[WhiteElo "2728"]
[BlackElo "2400"]
[TimeControl "180+1"]
[EndTime "8:16:36 PDT"]
[Termination "lucasmito won by resignation"]

1. e4 c5 2. Nf3 d6 3. d4 cxd4 4. Nxd4 Nf6 5. Nc3 a6 6. a3 g6 7. Be3 Bg7 8. f3 O-O 9. Qd2 Nc6 10. O-O-O d5 11. Kb1 e5 12. Nxc6 bxc6 13. exd5 cxd5 14.
Nxd5 Nxd5 15. Qxd5 Qc7 16. Qxa8 Bf5 17. Qxf8+ Kxf8 18. Bd3 Be6 19. h4 h6 20. h5 g5 21. g4 Bd5 22.
Be4 Bxe4 23. fxe4 Bf6 24. Rhf1 Be7 25. Bc1 Qb7 26. Rd5 f6 27. Rxe5 Kf7 28. b3 a5 29.
Rxa5 Qxe4 30. Bb2 Qxg4 31. Ra7 Qe2 32. Rxf6+ Ke8 33. Rxh6 g4 34. Rh8+ Kf7 35. Rh7+ Kf8 36. Rhxe7 Qxe7 37. Rxe7 Kxe7 38. Bd4 Ke6 39. Bg1 1-0

[Event "Early-Titled-Tuesday-Blitz-May-14-2024"]
[Site "Chess.com"]
[Date "2024.05.14"]
[Round "2"]
[White "kingofthenil"]
[Black "MaxLeto"]
[Result "1-0"]
[WhiteElo "2834"]
[BlackElo "2421"]
[TimeControl "180+1"]
[EndTime "8:16:37 PDT"]
[Termination "kingofthenil won by resignation"]

1. d4 d5 2. Bf4 Nf6 3. e3 c5 4.
Nc3 cxd4 5. exd4 a6 6. h3 Bf5 7. Nf3 Nc6 8. a3 h6 9. Bd3 Bxd3 10. Qxd3 e6 11. O-O Bd6 12. Ne5 Rc8 13. Rfe1 O-O 14. Rad1 Qb6 15. Na4 Qa5 16. Nxc6 Rxc6 17. Bxd6 Rxd6 18.
Nc5 Qc7 19. Qg3 Rfd8 20. c3 a5 21. Re3 Rc6 22. Qh4 b6 23. Nd3 Ne4 24. Rde1 b5 25.
Rf3 Ng5 26. Rg3 Ne4 27. Rxe4 dxe4 28. Ne5 Rcd6 29. Qf6 g5 30. Qxh6 f6 31. Qxf6 1-0

[Event "Early-Titled-Tuesday-Blitz-May-14-2024"]
[Site "Chess.com"]
[Date "2024.05.14"]
[Round "2"]
[White "Yaacovn"]
[Black "Zarinur"]
[Result "1-0"]
[WhiteElo "2812"]
[BlackElo "2560"]
[TimeControl "180+1"]
[EndTime "8:16:38 PDT"]
[Termination "Yaacovn won by checkmate"]

1. d4 Nf6 2. e3 e6 3. Bd3 d5 4.
Nd2 b6 5. f4 Bb7 6. Ngf3 Bd6 7.
Ne5 a6 8. Qf3 Nc6 9. c3 Ne7 10.
O-O h5 11. b3 h4 12. Bb2 c5 13. Qe2 Ne4 14. Bxe4 dxe4 15. Ndc4 f6 16. Nxd6+ Qxd6 17. Nc4 Qc7 18. dxc5 bxc5 19. Rad1 Bd5 20. Nd2 Kf7 21. c4 Bb7 22. Nb1 Nf5 23. Ba3 Rae8 24. Nc3 Rd8 25. Na4 Rd3 26. Nxc5 Rxe3 27. Qf2 Bc6 28. Rd2 Qc8 29.
Rfd1 Rc3 30. Qe1 Rh6 31. Rd7+ Bxd7 32. Rxd7+ Qxd7 33. Nxd7 Rd3 34. Nc5 Rd8 35. Qxe4 Rg6 36. Qxe6+ Kf8 37. Nd7# 1-0

[Event "Early-Titled-Tuesday-Blitz-May-14-2024"]
[Site "Chess.com"]
[Date "2024.05.14"]
[Round "2"]
[White "alexrustemov"]
[Black "TitarovVasiliYouTube"]
[Result "1-0"]
[WhiteElo "2939"]
[BlackElo "2622"]
[TimeControl "180+1"]
[EndTime "8:16:40 PDT"]
[Termination "alexrustemov won by resignation"]

1. d4 d6 2. Nf3 Nf6 3. c4 Bf5 4.
g3 e6 5. Bg2 Be7 6. O-O O-O 7.
Nh4 Be4 8. f3 Bg6 9. e4 d5 10. e5 Nfd7 11. Nxg6 hxg6 12. cxd5 exd5 13. f4 Nb6 14. Nc3 c5 15. Be3 cxd4 16. Bxd4 Nc6 17. Kh1 Nxd4 18. Qxd4 Rc8 19. Nxd5 Nxd5 20. Qxd5 Qxd5 21.
Bxd5 Rc2 22. Bxb7 Rxb2 23. Bd5 Rd8 24. Rad1 Kf8 25. h4 Rc8 26. Bb3 Rc3 27. Rc1 Rxc1 28. Rxc1 Bd8 29. Rc8 Ke7 30. Rb8 Bb6 31. Rb7+ Kd8 32.
Rxf7 Bf2 33. Kg2 Be1+ 34. Kh3 Re2 35. Rxg7 Re3 36. Rxg6 1-0

[Event "Early-Titled-Tuesday-Blitz-May-14-2024"]
[Site "Chess.com"]
[Date "2024.05.14"]
[Round "2"]
[White "kekic76"]
[Black "Vesper2018"]
[Result "0-1"]
[WhiteElo "2328"]
[BlackElo "2548"]
[TimeControl "180+1"]
[EndTime "8:16:41 PDT"]
[Termination "Vesper2018 won on time"]

1. c4 Nf6 2. Nc3 g6 3. Nf3 Bg7 4. g3 O-O 5. Bg2 d6 6. O-O e5 7. d3 Nc6 8. Bd2 Re8 9. e4 Nd4 10. Nxd4 exd4 11. Nd5 Nxd5 12. cxd5 c5 13. dxc6 bxc6 14.
Rc1 c5 15. b4 cxb4 16. Bxb4 Rb8 17. a3 a5 18. Bd2 Ba6 19. Bf4 Bb5 20. a4 Ba6 21. Rc6 Rb6 22. Rxb6 Qxb6 23. Qb1 Qxb1 24. Rxb1 Bxd3 25. Rb7 Bc2 26. Bxd6 d3 27. Bf4 Bxa4 28.
Ra7 Bc3 29. Rc7 d2 0-1

[Event "Early-Titled-Tuesday-Blitz-May-14-2024"]
[Site "Chess.com"]
[Date "2024.05.14"]
[Round "2"]
[White "Good_Knight_Kiss"]
[Black "Stanbad1"]
[Result "0-1"]
[WhiteElo "2357"]
[BlackElo "2595"]
[TimeControl "180+1"]
[EndTime "8:16:43 PDT"]
[Termination "Stanbad1 won by resignation"]

1. e4 e6 2. d4 d5 3. Nc3 Nf6 4. Bg5 Bb4 5. e5 h6 6. Be3 Ne4 7. Qg4 g6 8. a3 Bxc3+ 9. bxc3 h5 10. Qf4 g5 11. Qf3 c5 12. Bd3 Nxc3 13. dxc5 d4 14. Bd2 Bd7 15. Bxc3 dxc3 16. Ne2 Bc6 17. Be4 Qa5 18. Qxc3 Qa4 19. Bxc6+ Nxc6 20. Rd1 Qe4 21. f3 Qxe5 22. Qxe5 Nxe5 23. f4 gxf4 24. Nxf4 Ke7 25. Nd3 Nc4 26. a4 Rag8 27. Kf2 Rg5 28. Rhe1 Rhg8 29.
g3 h4 30. Re4 hxg3+ 31. hxg3 Na5 32. g4 Rxg4 33. Rxg4 Rxg4 34. Ke3 Rxa4 0-1

[Event "Early-Titled-Tuesday-Blitz-May-14-2024"]
[Site "Chess.com"]
[Date "2024.05.14"]
[Round "2"]
[White "UF_10"]
[Black "Pumpkin_in_moonlight"]
[Result "1-0"]
[WhiteElo "2495"]
[BlackElo "2204"]
[TimeControl "180+1"]
[EndTime "8:16:44 PDT"]
[Termination "UF_10 won on time"]

1. e4 e5 2. Nf3 Nc6 3. Bb5 a6 4. Ba4 Nf6 5. d3 Bc5 6. O-O b5 7. Bb3 h6 8. a4 Bb7 9. Nc3 b4 10. Nd5 O-O 11. Be3 Bxe3 12. fxe3 d6 13. Qe1 Na5 14.
Qxb4 Nxb3 15. Nxf6+ Qxf6 16. Qxb3 Rab8 17. Qc3 Qe7 18. Rf2 Bc8 19. Raf1 Be6 20. d4 f6 21. Nh4 Rb7 22. Ng6 Qe8 23. Nxf8 Qxf8 24. dxe5 dxe5 25. Qc6 Rb6 26. Qxc7 Rxb2 27. Qxe5 fxe5 28. Rxf8+ Kh7 29. Re8 Bc4 30. Re1 Rxc2 31. Rxe5 Bb3 32. a5 Bc4 33. Rc5 1-0

[Event "Early-Titled-Tuesday-Blitz-May-14-2024"]
[Site "Chess.com"]
[Date "2024.05.14"]
[Round "2"]
[White "Sasha_Solovev_777"]
[Black "Siemba"]
[Result "0-1"]
[WhiteElo "2185"]
[BlackElo "2487"]
[TimeControl "180+1"]
[EndTime "8:16:45 PDT"]
[Termination "Siemba won by resignation"]

1. e4 g6 2. d4 Bg7 3. Nc3 d6 4. Be3 a6 5. Qd2 b5 6. a3 Bb7 7.
h4 Nd7 8. h5 Rc8 9. Nf3 c5 10.
h6 Bf6 11. Be2 cxd4 12. Bxd4 Nc5 13. Bd3 e5 14. Be3 Ne7 15. Bg5 Bxg5 16. Qxg5 f5 17. exf5 e4 18. f6 Nf5 19. O-O-O exd3 20. Rhe1+ Kf7 21.
g4 dxc2 22. gxf5 cxd1=Q+ 23. Kxd1 Bxf3+ 0-1

[Event "Early-Titled-Tuesday-Blitz-May-14-2024"]
[Site "Chess.com"]
[Date "2024.05.14"]
[Round "2"]
[White "Alonmindlin"]
[Black "ChEsper99"]
[Result "1-0"]
[WhiteElo "2694"]
[BlackElo "2277"]
[TimeControl "180+1"]
[EndTime "8:16:47 PDT"]
[Termination "Alonmindlin won by checkmate"]

1. e4 c6 2. c4 d5 3. cxd5 cxd5 4. exd5 Nf6 5. Nc3 Nxd5 6. Nf3 Nc6 7. Bb5 g6 8. Qa4 Nb6 9. Qh4 Bg7 10. d4 a6 11.
Bxc6+ bxc6 12. Bh6 Bf6 13. Bg5 Bxg5 14. Nxg5 e6 15.
Qg3 Nd5 16. O-O Nxc3 17. bxc3 O-O 18. Ne4 Kg7 19. Rab1 Qd5 20. Nc5 a5 21. Rb6 Re8 22. Re1 e5 23. Rxe5 Rxe5 24. Qxe5+ Qxe5 25. dxe5 Bf5 26. Rxc6 Rd8 27. f3 Rd1+ 28. Kf2 Rd2+ 29. Kg3 Rxa2 30. Rc7 Kf8 31. Nb7 a4 32. Nd6 Be6 33.
Ra7 a3 34. h4 Ra1 35. h5 a2 36. h6 f5 37. exf6 Rb1 38. Ra8+ Bc8 39. Rxc8# 1-0

[Event "Early-Titled-Tuesday-Blitz-May-14-2024"]
[Site "Chess.com"]
[Date "2024.05.14"]
[Round "2"]
[White "CristhianPortalR"]
[Black "ViktoriyaTarasova"]
[Result "1-0"]
[WhiteElo "2541"]
[BlackElo "2312"]
[TimeControl "180+1"]
[EndTime "8:16:49 PDT"]
[Termination "CristhianPortalR won by resignation"]

1. e4 e5 2. Nf3 Nc6 3. d4 exd4 4. Nxd4 Nf6 5. Nxc6 bxc6 6. e5 Qe7 7. Qe2 Nd5 8. c4 Nb6 9. Nc3 a5 10. f4 Qe6 11.
Qe4 d5 12. cxd5 cxd5 13. Qd4 c5 14. Bb5+ Bd7 15. Qd3 Rc8 16. Bxd7+ Qxd7 17. O-O c4 18. Qg3 Bc5+ 19. Kh1 g6 20. Bd2 Qe6 21. Rae1 h5 22.
f5 gxf5 23. Nb5 Kd7 24. Qh3 Rcg8 25. Rxf5 Rg7 26. Ref1 Ke8 27. Nc7+ 1-0

[Event "Early-Titled-Tuesday-Blitz-May-14-2024"]
[Site "Chess.com"]
[Date "2024.05.14"]
[Round "2"]
[White "Msb2"]
[Black "RuperezA"]
[Result "1-0"]
[WhiteElo "3058"]
[BlackElo "2660"]
[TimeControl "180+1"]
[EndTime "8:16:51 PDT"]
[Termination "Msb2 won by resignation"]

1. d4 e6 2. c4 Nf6 3. Nc3 d5 4. cxd5 exd5 5. Bg5 c6 6. e3 Be7 7. Bd3 Nbd7 8. h3 O-O 9. Nf3 Nh5 10. Bxe7 Qxe7 11. O-O Nhf6 12. Qc2 Re8 13. Nd2 Nf8 14. Rfe1 Ng6 15. e4 dxe4 16. Ndxe4 Nxe4 17. Bxe4 Be6 18. d5 cxd5 19. Bxd5 Nf4 20. Bxe6 Nxe6 21. Nd5 Qg5 22. Ne3 Nf4 23. Qf5 Qxf5 24. Nxf5 Nd3 25. Rxe8+ Rxe8 26. Rd1 Rd8 27. Kf1 g6 28. Ne3 Kf8 29. g3 Rd7 30. Ke2 Nc5 31. Rc1 b6 32. b4 Ne4 33. Rc4 f5 34. g4 Rd2+ 35. Ke1 Rxa2 36. gxf5 Nxf2 37. fxg6 hxg6 38. Rf4+ Kg7 39. Rxf2 Ra3 40. Rf3 Rb3 41. Nf5+ 1-0

[Event "Early-Titled-Tuesday-Blitz-May-14-2024"]
[Site "Chess.com"]
[Date "2024.05.14"]
[Round "2"]
[White "Masterbeaterr"]
[Black "ZeZacarias"]
[Result "1-0"]
[WhiteElo "2456"]
[BlackElo "2021"]
[TimeControl "180+1"]
[EndTime "8:16:55 PDT"]
[Termination "Masterbeaterr won by resignation"]

1. d4 d5 2. c4 c6 3. Nf3 Nf6 4. Nc3 a6 5. cxd5 cxd5 6. Bg5 Ne4 7. Bh4 Nxc3 8. bxc3 Bg4 9. e3 Qa5 10. Qb3 Bxf3 11. gxf3 Nc6 12. Bd3 e6 13. O-O b5 14.
a4 b4 15. c4 dxc4 16. Bxc4 Be7 17. Bxe7 Nxe7 18. Rab1 Qg5+ 19. Kh1 O-O 20. Rg1 Qf5 21. Be2 a5 22. e4 Qf4 23. Qd3 Ng6 24. Rg4 Qd6 25. Rbg1 Rfd8 26. e5 Qd5 27. h4 Kh8 28. Qe3 Rg8 29. h5 Ne7 30. Bd3 Nf5 31. Qf4 Rad8 32.
Bxf5 exf5 33. Qxf5 b3 34. h6 f6 35. hxg7+ Rxg7 36. Rxg7 Qxf3+ 37. Qxf3 1-0

[Event "Early-Titled-Tuesday-Blitz-May-14-2024"]
[Site "Chess.com"]
[Date "2024.05.14"]
[Round "2"]
[White "Juicy_Fork"]
[Black "maurovargas01"]
[Result "1-0"]
[WhiteElo "2452"]
[BlackElo "1964"]
[TimeControl "180+1"]
[EndTime "8:16:56 PDT"]
[Termination "Juicy_Fork won on time"]

1. e4 c5 2. Nf3 Nc6 3. Bb5 Nd4 4.
Nxd4 cxd4 5. O-O a6 6. Bc4 b5 7. Bxf7+ Kxf7 8. Qh5+ g6 9. Qd5+ e6 10. Qxa8 Qc7 11. d3 Bc5 12. Bf4 d6 13. e5 Bb7 14.
exd6 Qc6 15. Qxb7+ Qxb7 16. Nd2 Nf6 17. Rfe1 Qd7 18.
Ne4 Nxe4 19. Rxe4 Bxd6 20. Rxd4 Qc6 21. Rxd6 Qxc2 22. Rd7+ Ke8 23. Ra7 Qc6 24. Rc1 1-0

[Event "Early-Titled-Tuesday-Blitz-May-14-2024"]
[Site "Chess.com"]
[Date "2024.05.14"]
[Round "2"]
[White "ShazilTheGOAT2006"]
[Black "Nitzan_Steinberg"]
[Result "0-1"]
[WhiteElo "2639"]
[BlackElo "2959"]
[TimeControl "180+1"]
[EndTime "8:16:57 PDT"]
[Termination "Nitzan_Steinberg won by resignation"]

1. e4 c5 2. Nf3 d6 3. Bb5+ Bd7 4. Bxd7+ Nxd7 5. O-O Ngf6 6. Qe2 e6 7. c4 Ne5 8. b3 Be7 9. Bb2 Nfd7 10. d3 Bf6 11.
Nc3 Nxf3+ 12. Qxf3 Ne5 13. Qe2 Nc6 14. Qd2 O-O 15.
Ne2 Bxb2 16. Qxb2 d5 17. cxd5 exd5 18. Rac1 b6 19. Nf4 dxe4 20. dxe4 Nd4 21. Ne2 Re8 22. Nxd4 cxd4 23. Rfe1 Qf6 24. Rcd1 Rad8 25. f3 h5 26. Re2 Rd7 27. Red2 Red8 28. Rd3 h4 29. h3 Qe5 30.
Qd2 g5 31. Rf1 Rc8 32. Rd1 Rcd8 33. Rf1 Rd6 34. Qf2 Kg7 35. f4 Qxe4 36. fxg5 Qxd3 37. Qxf7+ Kh8 38. Qh5+ Qh7 0-1

[Event "Early-Titled-Tuesday-Blitz-May-14-2024"]
[Site "Chess.com"]
[Date "2024.05.14"]
[Round "2"]
[White "Andrei_Skvortsov"]
[Black "Massakru"]
[Result "1-0"]
[WhiteElo "2748"]
[BlackElo "2402"]
[TimeControl "180+1"]
[EndTime "8:16:57 PDT"]
[Termination "Andrei_Skvortsov won by resignation"]

1. g3 e5 2. Bg2 d5 3. c4 c6 4. cxd5 cxd5 5. d4 e4 6. Nc3 Nf6 7. Bg5 Be7 8. f3 exf3 9. Nxf3 Nc6 10. O-O O-O 11. Ne5 h6 12. Bxf6 Bxf6 13. Nxd5 Bxe5 14. dxe5 Nxe5 15. e4 Be6 16. Qd4 Nc6 17. Qe3 Re8 18. Qf4 Nd4 19. Qf2 Nc6 20. Rad1 Qa5 21. a3 a6 22. b4 Qd8 23. Nb6 Qb8 24. Nxa8 Qxa8 25. Qb6 Qc8 26. Rd6 Bc4 27. Rfd1 Bb5 28. Qf2 Ne5 29.
Qd4 Nc6 30. Qc3 Ba4 31. R1d2 Qc7 32. e5 Qb6+ 33. Qc5 Qxc5+ 34. bxc5 Nxe5 35. Rd8 Kf8 36. Rxe8+ Kxe8 37. Bxb7 Bb5 38. Kf2 Nd3+ 39. Ke3 Nxc5 40.
Bd5 Ke7 41. Kd4 f6 42. Kxc5 1-0

[Event "Early-Titled-Tuesday-Blitz-May-14-2024"]
[Site "Chess.com"]
[Date "2024.05.14"]
[Round "2"]
[White "HowTo2Draw"]
[Black "Escudito"]
[Result "0-1"]
[WhiteElo "2535"]
[BlackElo "2349"]
[TimeControl "180+1"]
[EndTime "8:16:58 PDT"]
[Termination "Escudito won by checkmate"]

1. c4 e6 2. b3 d5 3. Bb2 c5 4. d3 Nf6 5. Nd2 Nc6 6. e4 d4 7. f4 e5 8. f5 g6 9. g4 h5 10.
g5 Ng4 11. h4 gxf5 12. exf5 Bxf5 13. Qf3 Bg6 14. O-O-O Qa5 15. Bh3 Ne3 16. Re1 Qxa2 17. Rxe3 dxe3 18. Qxe3 Bg7 19. Ngf3 O-O 20. Bd7 Nb4 21.
Ne1 Rad8 22. Qxc5 a5 23. Ba4 Rxd3 24. Qf2 Rfd8 25. Rh2 Rxd2 26. Qxd2 Qb1# 0-1

[Event "Early-Titled-Tuesday-Blitz-May-14-2024"]
[Site "Chess.com"]
[Date "2024.05.14"]
[Round "2"]
[White "AsaHoffmann"]
[Black "Djager97"]
[Result "1-0"]
[WhiteElo "2341"]
[BlackElo "2531"]
[TimeControl "180+1"]
[EndTime "8:16:59 PDT"]
[Termination "AsaHoffmann won on time"]

1. d4 d5 2. Bg5 Nf6 3. Nd2 Bf5 4. f3 h6 5. Bh4 g5 6. Bg3 Bg7 7. c4 O-O 8. cxd5 Nxd5 9. Qb3 Bxd4 10. e4 Be6 11. exd5 Bxd5 12. Bc4 Bxc4 13. Qxc4 Nc6 14. O-O-O e5 15. Ne2 Be3 16. Qb3 Bf4 17. Nxf4 exf4 18. Bf2 Qf6 19. Ne4 Qg6 20. h4 g4 21. h5 Qf5 22. Rh4 g3 23. Bd4 Nxd4 24. Rxd4 Rad8 25. Qd3 Rxd4 26. Qxd4 c5 27. Qf6 Qxf6 28. Nxf6+ Kg7 29. Rxf4 Rd8 30. Ne4 1-0

[Event "Early-Titled-Tuesday-Blitz-May-14-2024"]
[Site "Chess.com"]
[Date "2024.05.14"]
[Round "2"]
[White "balack95"]
[Black "Felix-Rose"]
[Result "1-0"]
[WhiteElo "2506"]
[BlackElo "2238"]
[TimeControl "180+1"]
[EndTime "8:16:59 PDT"]
[Termination "balack95 won by resignation"]

1. Nf3 d5 2. c4 Nf6 3. g3 e6 4. Bg2 Be7 5. O-O O-O 6. cxd5 exd5 7.
d3 c6 8. Nc3 Re8 9. Rb1 Bb4 10.
a3 Bd6 11. b4 a6 12. h3 Qe7 13. Re1 Nbd7 14. Nd4 Nb6 15. Nb3 Bf5 16. e4 dxe4 17. dxe4 Bg6 18. f4 h5 19. Be3 Bc7 20. Nc5 Nc4 21.
Bf2 Nxa3 22. Rb3 Nb5 23. e5 Nxc3 24. Rxc3 Nd5 25. Bxd5 cxd5 26. Qxd5 Bf5 27. Kh2 b6 28. Ne4 Red8 29. Nd6 Be6 30. Qf3 Bxd6 31. exd6 Qxd6 32. Rc6 Qxb4 33. Rxb6 Qd2 34. Re2 Qd1 35. Rbb2 Bd5 36. Re8+ Rxe8 37. Qxd1 f5 38. Qxh5 Be4 39. Rd2 Rec8 40.
Rd7 Rf8 41. Qg6 1-0